 Dungeon Sprint DCSS version 0.31-a0-851-g7ff8af7976 (webtiles) character file.

Game seed: 10922343966253468197

35631 sircluck the Wrestler (level 13, -30/161 HPs)
             Began as a Troll Berserker on Oct 5, 2023.
             Was a High Priest of Trog.
             Killed from afar by a nagaraja (34 damage)
             ... with a bolt of poison
             ... in the Dungeon (Sprint VII: "The Pits").
             The game lasted 00:10:13 (2027 turns).

sircluck the Wrestler (Troll Berserker)             Turns: 2027, Time: 00:10:13

Health: -30/161    AC:  6    Str: 42    XL:     13   Next: 48%
Magic:  12/12      EV: 22    Int:  2    God:    Trog [*****.]
Gold:   58         SH:  0    Dex: 13    Spells: 12/12 levels left

rFire   . .          .
                       - Unarmed
rCold   . . .        (no shield)
rNeg    . . .        a - +0 animal skin
rPois   .            n - +2 hat {SInv}
rElec   .            (no cloak)
rCorr   .            (gloves unavailable)
SInv    +            (boots unavailable)
Will    .....        (no amulet)
Stlth   +            w - +6 ring of strength
HPRegen 1.26/turn    t - ring of Reamad {EV+5 Str+5 SInv}
MPRegen 0.13/turn

%: no teleportation
@: lethally poisoned (-30 -> -52), slowed, very slow
A: large, unfitting armour, claws 3, regeneration 1, shaggy fur 1, tough skin 1,
agile 1
a: Renounce Religion, Berserk, Trog's Hand, Brothers in Arms


You were in the Dungeon.
You worshipped Trog.
Trog was extremely pleased with you.
You visited 1 branch You collected 58 gold pieces.

Inventory:

Missiles
 o - 6 large rocks
 p - 12 stones
 q - 6 javelins
Armour
 a - a +0 animal skin (worn)
 n - a +2 hat of see invisible (worn)
Jewellery
 k - a +3 ring of intelligence
 l - a +3 ring of protection
 r - a ring of fire
 t - the ring of Reamad (right claw) {EV+5 Str+5 SInv}
   (You found it in the Dungeon)

   [ring of evasion]

   EV+5:      It affects your evasion (+5).
   Str+5:     It affects your strength (+5).
   SInv:      It lets you see invisible.
 v - a ring of positive energy
 w - a +6 ring of strength (left claw)
Wands
 B - a wand of roots (5)
 C - a wand of digging (3)
Scrolls
 g - a scroll of blinking
 i - 2 scrolls of vulnerability
 j - a scroll of summoning
 s - 3 scrolls of enchant weapon
 u - a scroll of poison
 x - 8 scrolls of enchant armour
 y - a scroll of fear
 z - a scroll of fog
 A - a scroll of identify
Potions
 b - 8 potions of curing
 c - 16 potions of heal wounds
 d - a potion of haste
 e - 4 potions of magic
 f - 5 potions of berserk rage
 h - 3 potions of invisibility
 m - 2 potions of mutation


   Skills:
 + Level 18.4 Fighting
 + Level 18.2 Dodging
 + Level 21.2 Unarmed Combat


You had 12 spell levels left.
You didn't know any spells.
Your spell library was empty.

Dungeon Overview and Level Annotations

Branches:
Dungeon (1/1)

Altars:
Ashenzari
Cheibriados
Dithmenos
Elyvilon
Fedhas
Gozag
Hepliaklqana
Kikubaaqudgha
Makhleb
Nemelex Xobeh
Okawaru
Qazlal
Ru
Sif Muna
Trog
Uskayaw
Vehumet
Wu Jian
Xom
Yredelemnul
Zin
The Shining One
Jiyva
Lugonu


Innate Abilities, Weirdness & Mutations

You are too large for most types of armour.
You have claws for hands.
Your natural rate of healing is unusually fast.
You are covered in fur. (AC +1)
You have tough skin. (AC +1)
You are agile. (Dex +4, Str/Int -1)


Message History

You eviscerate the nagaraja!!!
You kill the nagaraja!
Trog accepts your kill.
Trog appreciates your killing of a magic user.
Trog grants you a weapon! Something appears at your feet!
You see here a +3 antimagic rapier.
The deep elf high priest utters a dark prayer and points at you.
Your life force is offered up.
* * * LOW HITPOINT WARNING * * *
Your ogre barely misses the deep elf high priest.
The nagaraja hits you from afar with a +0 spear!!
* * * LOW HITPOINT WARNING * * *
Unknown command.
Unknown command.
You feel much better.
Your ogre barely misses the deep elf high priest.
The deep elf high priest misses you.
The nagaraja mumbles some strange words.
The nagaraja seems to speed up.
The deep elf high priest utters a dark prayer and points at you.
Your life force is offered up.
* * * LOW HITPOINT WARNING * * *
Unknown command.
Unknown command.
Unknown command.
The nagaraja spits poison at you. The splash of poison hits you!!
You are poisoned.
* * * LOW HITPOINT WARNING * * *
Your ogre barely misses the deep elf high priest.
The nagaraja barely misses you. The nagaraja completely misses you.
A sphinx comes into view.
Your ogre closely misses the deep elf high priest.
The deep elf high priest invokes the aid of its god against you.
Something smites you!
* * * LOW HITPOINT WARNING * * *
The nagaraja points at you and mumbles some strange words.
The bolt of poison hits you!!
You are lethally poisoned!
You die...

,,,**++**,,*,,#..#
,,,*,,,,*,,,,,#..#
,***,,,,****,,#..#
,,,,,,,,,,,+,,#).#
,,,,,,,,****,,#))#
,,****,,*,,,,,#..#
,,*,,*,,*,,*,,#.)#
,**,,+,,*,,*,,#O)#
**************#e@#
**************#N'#
="#*,,,*,*,#..).)#
==#,,*,,,....#).##
"+#,***,,H.e*##.:*
##i,,*,,,..,,*..#*
##.,***,,#,,*##.:*
.#d,,*,,***,,*..,*
/+.,,,,,,*,,,,..,*


You could see a sphinx, a nagaraja (fast, empowered), a deep elf annihilator
(empowered), a deep elf high priest (brilliance aura, ally target) and a
friendly ogre (summoned, berserk).

Vanquished Creatures
  A lich (D)
  A nagaraja (D)
  A draconian knight (D)
  A ghost moth (D)
  A vampire knight (D)
  A deep elf high priest (D)
  A hydra (D)
  A centaur warrior (D)
  A deep elf zephyrmancer (D)
  A deep elf pyromancer (D)
  A phantasmal warrior (D)
  2 orc knights (D)
  An orc sorcerer (D)
  A manticore (D)
  2 guardian serpents (D)
  A smoke demon (D)
  3 gargoyles (D)
  A kobold demonologist (D)
  A komodo dragon (D)
  A troll (D)
  7 dream sheep (D)
  A jumping spider (D)
  A flying skull (D)
  A culicivora (shapeshifter) (D)
  2 fire bats (D)
  A neqoxec (D)
  A fire elemental (D)
  Eustachio (D)
  2 redbacks (D)
  2 acid dragons (D)
  A warg (D)
  A hell hound (D)
  A water moccasin (D)
  A swamp drake (D)
  2 orc warriors (D)
  2 black bears (D)
  An ice beast (D)
  An ogre (D)
  5 wolves (D)
  3 centaurs (D)
  2 phantoms (D)
  A bullfrog (D)
  4 scorpions (D)
  3 killer bees (D)
  Jessica (D)
  An iguana (D)
  2 hell rats (D)
  A gnoll (D)
  5 orcs (D)
  A bat skeleton (D)
  An endoplasm (D)
  A giant cockroach (D)
  2 kobolds (D)
  A quokka (D)
  A ball python skeleton (D)
  A frilled lizard (D)
  A quokka zombie (D)
  A rat (D)
91 creatures vanquished.

Vanquished Creatures (collateral kills)
  A lich (D)
  Gastronok (D)
  A deep elf sorcerer (D)
  A deep elf demonologist (D)
  2 white draconians (D)
  A deep elf death mage (D)
  Josephine (D)
  An ogre mage (D)
  A vault guard (D)
  A hydra (D)
  2 death knights (D)
  3 hell hogs (D)
  2 vampire magi (D)
  A fire crab (D)
  A swamp dragon (D)
  A spriggan druid (D)
  A wizard (D)
  A wolf spider (D)
  An orc sorcerer (D)
  2 cyclopes (D)
  An elephant (D)
  A molten gargoyle (D)
  A cane toad (D)
  A rime drake (D)
  A wind drake (D)
  A hornet (D)
  2 spriggans (D)
  An air elemental (D)
  A ynoxinul (D)
  3 wraiths (D)
  3 hell hounds (D)
  A swamp drake (D)
  2 orc warriors (D)
  3 killer bees (D)
  A jelly (D)
  A river rat (D)
  An endoplasm (D)
51 creatures vanquished.

Vanquished Creatures (others)
  A deep elf annihilator (D)
1 creature vanquished.

Grand Total: 143 creatures vanquished

Notes
Turn   | Place    | Note
-------+----------+-------------------------------------------
     0 | D        | sircluck the Troll Berserker began the quest for the Orb.
     0 | D        | Reached XP level 1. HP: 22/22 MP: 0/0
    22 | D        | Found a bloodstained altar of Trog.
    22 | D        | Found a shimmering blue altar of Sif Muna.
    22 | D        | Found a viscous altar of Jiyva.
    22 | D        | Found a hazy altar of Hepliaklqana.
    22 | D        | Found an opulent altar of Gozag.
    23 | D        | Found a glowing golden altar of the Shining One.
    23 | D        | Found a glowing silver altar of Zin.
    23 | D        | Found a basalt altar of Yredelemnul.
    23 | D        | Found a shimmering altar of Xom.
    23 | D        | Found an ornate altar of the Wu Jian Council.
    23 | D        | Found a sacrificial altar of Ru.
    23 | D        | Found a stormy altar of Qazlal.
    23 | D        | Found an iron altar of Okawaru.
    23 | D        | Found a sparkling altar of Nemelex Xobeh.
    23 | D        | Found a burning altar of Makhleb.
    23 | D        | Found a blossoming altar of Fedhas.
    23 | D        | Found a white marble altar of Elyvilon.
    23 | D        | Found a shadowy altar of Dithmenos.
    23 | D        | Found a snail-covered altar of Cheibriados.
    27 | D        | Found a corrupted altar of Lugonu.
    27 | D        | Found a radiant altar of Vehumet.
    28 | D        | Found a broken altar of Ashenzari.
    28 | D        | Found an ancient bone altar of Kikubaaqudgha.
    28 | D        | Found a hide-covered altar of Uskayaw.
    74 | D        | Reached ** piety under Trog
    75 | D        | Reached XP level 2. HP: 25/31 MP: 1/1
    77 | D        | Reached skill level 4 in Unarmed Combat
    82 | D        | Noticed a scorpion
    83 | D        | Noticed a scorpion
    83 | D        | Noticed a phantom
    86 | D        | Killed a scorpion
    87 | D        | Reached skill level 5 in Unarmed Combat
    87 | D        | Reached XP level 3. HP: 22/40 MP: 2/2
    87 | D        | Reached XP level 4. HP: 27/49 MP: 3/3
    94 | D        | Killed a scorpion
    95 | D        | Reached skill level 5 in Fighting
    95 | D        | Reached skill level 5 in Dodging
    95 | D        | Reached skill level 6 in Unarmed Combat
    95 | D        | Reached *** piety under Trog
   101 | D        | Killed a phantom
   102 | D        | Reached skill level 7 in Unarmed Combat
   102 | D        | Reached XP level 5. HP: 7/59 MP: 4/4
   175 | D        | Reached XP level 6. HP: 68/68 MP: 5/5
   206 | D        | Reached **** piety under Trog
   207 | D        | Reached skill level 8 in Unarmed Combat
   214 | D        | Noticed an ice beast
   233 | D        | Noticed a flying skull
   234 | D        | Noticed Jessica
   236 | D        | Noticed a water moccasin
   244 | D        | Killed an ice beast
   246 | D        | Killed a flying skull
   247 | D        | Reached skill level 9 in Unarmed Combat
   247 | D        | Reached XP level 7. HP: 53/80 MP: 6/6
   260 | D        | Killed Jessica
   260 | D        | Reached ***** piety under Trog
   288 | D        | Received a gift from Trog
   289 | D        | Reached skill level 10 in Unarmed Combat
   310 | D        | Noticed a deep elf pyromancer
   314 | D        | Killed a deep elf pyromancer
   315 | D        | Reached XP level 8. HP: 84/92 MP: 7/7
   324 | D        | Reached skill level 11 in Unarmed Combat
   336 | D        | Noticed a deep elf zephyrmancer
   341 | D        | Killed a deep elf zephyrmancer
   342 | D        | Reached skill level 10 in Fighting
   342 | D        | Reached skill level 10 in Dodging
   342 | D        | Reached skill level 12 in Unarmed Combat
   344 | D        | Reached XP level 9. HP: 102/102 MP: 8/8
   346 | D        | Received a gift from Trog
   447 | D        | Noticed a molten gargoyle
   455 | D        | Noticed Josephine
   463 | D        | Killed a molten gargoyle
   464 | D        | Reached skill level 13 in Unarmed Combat
   470 | D        | Killed Josephine
   470 | D        | Received a gift from Trog
   529 | D        | Reached XP level 10. HP: 94/115 MP: 9/9
   575 | D        | Noticed a gargoyle
   579 | D        | Killed a gargoyle
   579 | D        | Reached ****** piety under Trog
   580 | D        | Reached skill level 14 in Unarmed Combat
   594 | D        | Noticed an orc knight
   595 | D        | Received a gift from Trog
   603 | D        | Killed an orc knight
   616 | D        | Noticed a guardian serpent
   622 | D        | Received a gift from Trog
   628 | D        | Killed a guardian serpent
   753 | D        | Noticed Eustachio
   753 | D        | Noticed Gastronok
   753 | D        | Noticed a phantasmal warrior
   762 | D        | Killed a phantasmal warrior
   764 | D        | Killed Eustachio
   764 | D        | Killed Gastronok
   764 | D        | Received a gift from Trog
   765 | D        | Reached skill level 15 in Unarmed Combat
   836 | D        | Noticed a ghost moth
   841 | D        | Gained mutation: You are agile. (Dex +4, Str/Int -1) [a
                  | neqoxec]
   845 | D        | Noticed a smoke demon
   849 | D        | Killed a ghost moth
   850 | D        | Reached XP level 11. HP: 127/127 MP: 1/10
   857 | D        | Received a gift from Trog
   858 | D        | Reached skill level 16 in Unarmed Combat
   875 | D        | Noticed a swamp dragon
   890 | D        | Killed a swamp dragon
   986 | D        | Received a gift from Trog
   998 | D        | Reached skill level 17 in Unarmed Combat
  1098 | D        | Got the ring of Reamad {EV+5 Str+5 SInv}
  1205 | D        | Noticed a spriggan defender
  1205 | D        | Noticed a green draconian
  1205 | D        | Noticed a black draconian
  1205 | D        | Noticed a five-headed hydra
  1279 | D        | Received a gift from Trog
  1298 | D        | Noticed a centaur warrior
  1305 | D        | Killed a centaur warrior
  1306 | D        | Reached skill level 15 in Fighting
  1325 | D        | Noticed a six-headed hydra
  1334 | D        | Killed an eight-headed hydra
  1335 | D        | Reached skill level 15 in Dodging
  1428 | D        | Received a gift from Trog
  1440 | D        | Noticed an orc knight
  1455 | D        | Killed an orc knight
  1456 | D        | Reached XP level 12. HP: 143/143 MP: 11/11
  1498 | D        | Received a gift from Trog
  1499 | D        | Reached skill level 18 in Unarmed Combat
  1668 | D        | Noticed a hell hog
  1668 | D        | Noticed a death knight
  1668 | D        | Noticed a hell hog
  1668 | D        | Killed a hell hog
  1674 | D        | Noticed a vault guard
  1676 | D        | Killed a vault guard
  1679 | D        | Noticed a hell hog
  1679 | D        | Killed a hell hog
  1680 | D        | Noticed a seven-headed hydra
  1680 | D        | Killed a seven-headed hydra
  1683 | D        | Killed a hell hog
  1687 | D        | Killed a death knight
  1687 | D        | Received a gift from Trog
  1715 | D        | Noticed a vampire mage
  1718 | D        | Killed a vampire mage
  1719 | D        | Reached skill level 19 in Unarmed Combat
  1720 | D        | Noticed a white draconian
  1721 | D        | Noticed a death knight
  1728 | D        | Killed a white draconian
  1731 | D        | Noticed a vampire knight
  1732 | D        | Received a gift from Trog
  1737 | D        | Killed a death knight
  1739 | D        | Received a gift from Trog
  1752 | D        | Noticed a vampire mage
  1753 | D        | Killed a vampire knight
  1753 | D        | Killed a vampire mage
  1757 | D        | Reached skill level 20 in Unarmed Combat
  1757 | D        | Reached XP level 13. HP: 103/156 MP: 12/12
  1765 | D        | Paralysed by an orc sorcerer for 3 turns
  1780 | D        | Received a gift from Trog
  1970 | D        | Noticed a white draconian
  1972 | D        | Noticed a deep elf sorcerer
  1978 | D        | Killed a deep elf sorcerer
  1979 | D        | Noticed a deep elf death mage
  1980 | D        | Killed a white draconian
  1982 | D        | Noticed a lich
  1987 | D        | Killed a lich
  1987 | D        | Received a gift from Trog
  1991 | D        | Killed a ghostly white draconian
  1991 | D        | Killed a deep elf death mage
  1995 | D        | Noticed a deep elf demonologist
  1997 | D        | Killed a deep elf demonologist
  1997 | D        | Received a gift from Trog
  1999 | D        | Noticed a black draconian knight
  2000 | D        | Noticed a deep elf annihilator
  2006 | D        | Noticed a lich
  2010 | D        | Noticed a nagaraja
  2015 | D        | Killed a deep elf annihilator
  2019 | D        | Killed a black draconian knight
  2020 | D        | Reached skill level 21 in Unarmed Combat
  2020 | D        | Noticed a deep elf annihilator
  2021 | D        | Noticed a nagaraja
  2022 | D        | Killed a lich
  2025 | D        | Killed a nagaraja
  2025 | D        | Received a gift from Trog
  2027 | D        | Noticed a sphinx
  2027 | D        | HP: 4/161 [deep elf high priest/divine providence (13)]
  2027 | D        | Killed from afar by a nagaraja

Illustrated notes

Levels and vault maps discovered:
D:        pitsprint [storerooms_1, entrance_room_1, metal_vault_5, armoury_1,
          mini_pit_1, grid_room_1, main_hall_1, silver_pit, the_coven_3,
          the_vestibule_1, steel_vault_2, golden_pit, hallway_of_sentries,
          crystal_vault_1, iron_vault_1, final_vault]

Skill      XL: |  1  2  3  4  5  6  7  8  9 10 11 12 13 |
---------------+----------------------------------------+-----
Fighting       | 3 4 6 8 9 10 11 13 15 17 18 | 18.4
Dodging        | 3 4 6 7 9 10 11 13 15 17 18 | 18.2
Unarmed Combat | 5 7 9 10 12 13 15 17 20 21 | 21.2

Action                     |  1- 3 |  4- 6 |  7- 9 | 10-12 | 13-15 || total
---------------------------+-------+-------+-------+-------+-------++-------
  Melee: Unarmed           |     9 |    24 |    47 |   133 |    32 ||   245
         Punch             |       |     1 |     2 |    15 |     2 ||    20
 Invoke: Berserk           |       |       |     1 |     3 |       ||     4
         Brothers in Arms  |       |       |     1 |     7 |     6 ||    14
    Use: Scroll            |       |       |       |     1 |       ||     1
         Potion            |       |       |       |       |     4 ||     4
 Armour: Animal skin       |     9 |    13 |    29 |    69 |    30 ||   150
  Dodge: Dodged            |     3 |    11 |    27 |    86 |    30 ||   157

Table legend: (Time is in decaauts)
 A = Elapsed time spent in this place.
 B = Non-inter-level travel time spent in this place.
 C = Inter-level travel time spent in this place.
 D = Time resting spent in this place.
 E = Time spent auto-exploring this place.
 F = Levels seen in this place.
 G = Mean time per level.
                   A        B        C        D        E       F      G
               +--------+--------+--------+--------+--------+-----+--------+
         Total |   1989 |   1830 |    159 |    514 |    219 |   1 | 1989.0 |
       Dungeon |   1989 |   1830 |    159 |    514 |    219 |   1 | 1989.0 |
               +--------+--------+--------+--------+--------+-----+--------+

Top non-repeatable levels by time:
       D: 1989 daAuts
